 Dungeon Crawl Stone Soup version 0.26-a0-540-g8a0c9464d7 (webtiles) character file.

Game seed: 15489385256918053558

(classic levelgen) 11 EnegeticOcto the Covered (level 2, -2/27 HPs)
             Began as a Deep Dwarf Fighter on Aug 18, 2020.
             Killed by nerve-wracking pain
             ... invoked by Grinder
              (13 damage)
             ... on level 3 of the Dungeon.
             The game lasted 00:00:53 (121 turns).

EnegeticOcto the Covered (Deep Dwarf Fighter)        Turns: 121, Time: 00:00:53

Health: -2/27      AC:  6    Str: 19    XL:     2   Next: 13%
Magic:  2/2        EV:  7    Int:  8    God:
Gold:   8          SH:  9    Dex: 12    Spells: 1/1 levels left

rFire    . . .     SeeInvis .   a - +0 war axe
rCold    . . .     Faith    .   c - +0 kite shield
rNeg     . . .     Spirit   .   b - +0 scale mail
rPois    .         Reflect  .   (no helmet)
rElec    .         Harm     .   (no cloak)
rCorr    .                      (no gloves)
MR       .....                  (no boots)
Stlth    ..........             (no amulet)
HPRegen  0.00/turn              (no ring)
MPRegen  0.08/turn              (no ring)

@: non-regenerating
A: damage resistance, heal wounds, sense surroundings 1, no regeneration
a: Heal Wounds


You were on level 3 of the Dungeon.
You visited 1 branch of the dungeon, and saw 3 of its levels.

You collected 8 gold pieces.

Inventory:

Hand Weapons
 a - a +0 war axe (weapon)
Armour
 b - a +0 scale mail (worn)
 c - a +0 kite shield (worn)
Scrolls
 e - 2 scrolls of identify {unknown}
Potions
 d - a potion of might {@q3}
 f - a potion of flight {unknown}


   Skills:
 + Level 2.8 Fighting
 + Level 2.4 Axes
 + Level 3.5 Armour
 + Level 3.4 Shields


You had one spell level left.
You didn't know any spells.
Your spell library was empty.

Dungeon Overview and Level Annotations

Branches:
Dungeon (3/15)

Altars:

Annotations:
D:3 Grinder


Innate Abilities, Weirdness & Mutations

You are resistant to damage.
You can heal yourself by infusing magical energy.
You passively map a small area around you.
You do not regenerate.


Message History

No target in view!
No target in view!
No target in view!
No target in view!
No target in view!
No target in view!
No target in view!
No target in view!
f - a fizzy inky potion You now have 8 gold pieces.
Found a falchion.
A rat comes into view.
You barely miss the rat. You block the rat's attack.
You closely miss the rat. The rat bites you.
You slash the rat!
You kill the rat!
You see here a falchion.
Found a stone staircase leading down.
There is a stone staircase leading down here.
You climb downwards.
A giant cockroach comes into view.
Found 13 arrows.
There is a stone staircase leading up here.
You block the giant cockroach's attack.
You hit the giant cockroach.
The giant cockroach is heavily wounded.
You block the giant cockroach's attack. The giant cockroach bites you.
You hit the giant cockroach but do no damage.
The giant cockroach is heavily wounded.
The giant cockroach bites you.
The giant cockroach bites you but does no damage.
You closely miss the giant cockroach.
The giant cockroach is heavily wounded.
The giant cockroach closely misses you. The giant cockroach barely misses you.
You hit the giant cockroach but do no damage.
The giant cockroach is heavily wounded.
You block the giant cockroach's attack.
You slash the giant cockroach!
You kill the giant cockroach!
You have reached level 2!
Found a scroll labeled LURO WIDAQEASS.
A dart slug comes into view.
A bat comes into view.
The bat barely misses you.
You barely miss the bat. You block the bat's attack.
You block the bat's attack.
You see here a scroll labeled LURO WIDAQEASS.
e - 2 scrolls labeled LURO WIDAQEASS (gained 1)
The bat hits you. The dart slug launches a dart at you.
You block the slug dart. The bat barely misses you.
You block the dart slug's attack.
You hit the dart slug.
The dart slug is severely wounded.
You block the bat's attack.
The dart slug bites you but does no damage.
You hit the dart slug.
You kill the dart slug!
You closely miss the bat. The bat barely misses you.
You block the bat's attack.
You barely miss the bat. The bat barely misses you. You block the bat's attack.
The bat barely misses you.
You miss the bat. You block the bat's attack. You block the bat's attack.
You closely miss the bat. The bat hits you but does no damage.
The bat hits you but does no damage. You block the bat's attack.
You see here a dart slug corpse.
The bat hits you but does no damage. The bat hits you.
The bat hits you but does no damage. The bat hits you.
You block the bat's attack.
Found an escape hatch in the ceiling.
You block the bat's attack.
An ooze comes into view.
The bat barely misses you. The bat hits you but does no damage.
Grinder comes into view.
Grinder shouts!
The bat closely misses you.
Found a dagger.
The bat hits you. You block the bat's attack.
The ooze hits you but does no damage.
Grinder blinks!
You barely miss the ooze. You block the bat's attack.
You block the ooze's attack.
Grinder blinks!
The ooze hits you but does no damage. The bat barely misses you.
You block the ooze's attack.
You hit Grinder but do no damage. You miss the bat.
You completely miss the ooze. The bat hits you but does no damage. x2
You block the bat's attack. Grinder gestures at you.
Pain shoots through your body! The bat hits you. The ooze barely misses you.
Grinder says, "Make like a tree!"
Grinder hits you.
You hit Grinder.
Grinder is lightly wounded.
You hit the ooze. You barely miss the bat. The bat barely misses you.
The ooze hits you but does no damage. Grinder gestures at you.
Pain shoots through your body!
You die...

####..........................#
...............##.#############
####.....†......#.# *
#..........#.#.###,#
#####..###.#.#... .#
#...##.....##)## ,
###.#..##........#
....##...........# *
...##.....b@......# * <....
#......J5.....# ** ##.#
#.............# #.
#..#####.##....## *# ...., ...
..#..# ##. ..##....#.# , ##,
,,.., .##.# . * ... .*.# , *
... .. , * ,


You could see Grinder, an ooze and a bat.

Vanquished Creatures
  A dart slug (D:3)
  A giant cockroach (D:3)
  A goblin (D:2)
  3 jackals (D:2)
  2 rats (D:2)
8 creatures vanquished.

Notes
Turn   | Place    | Note
-------+----------+-------------------------------------------
     0 | D:1      | EnegeticOcto the Deep Dwarf Fighter began the quest for the
                  | Orb.
     0 | D:1      | Reached XP level 1. HP: 20/20 MP: 1/1
    80 | D:3      | Reached XP level 2. HP: 17/27 MP: 2/2
   116 | D:3      | Noticed Grinder
   121 | D:3      | Killed from afar by Grinder

Illustrated notes

Levels and vault maps discovered:
D:1:      minmay_arrival_radiant_lines, layout_basic
D:2:      kennysheep_big_flooded_room, layout_loops_cross, lemuel_doored_altar,
          kiku_gazebo_pond_becter, kennysheep_jessica_study
D:3:      layout_rooms, lemuel_round_altar, uniq_grinder

Action                   || total
-------------------------++-------
Melee: War axe           ||    28
Armor: Scale mail        ||    31
Dodge: Dodged            ||    26
Block: Kite shield       ||    38

Table legend: (Time is in decaauts)
 A = Elapsed time spent in this place.
 B = Non-inter-level travel time spent in this place.
 C = Inter-level travel time spent in this place.
 D = Time resting spent in this place.
 E = Time spent auto-exploring this place.
 F = Levels seen in this place.
 G = Mean time per level.
                   A        B        C        D        E       F      G
               +--------+--------+--------+--------+--------+-----+--------+
         Total |    133 |    133 |      0 |      0 |      0 |   3 |   44.3 |
       Dungeon |    133 |    133 |      0 |      0 |      0 |   3 |   44.3 |
               +--------+--------+--------+--------+--------+-----+--------+

Top non-repeatable levels by time:
     D:3: 56 daAuts
     D:2: 53 daAuts
     D:1: 24 daAuts
